 Dungeon Crawl Stone Soup version 0.30.1-4-g462c640d31 (webtiles) character file.

Game seed: 12955801641824096149

217 Diggabert the Conjurer (level 5, -1/29 HPs)
             Began as a Deep Elf Conjurer on Aug 12, 2023.
             Slain by a river rat (6 damage)
             ... on level 4 of the Dungeon.
             The game lasted 00:05:52 (3307 turns).

Diggabert the Conjurer (Deep Elf Conjurer)          Turns: 3307, Time: 00:05:53

Health: -1/29      AC:  2    Str:  4    XL:     5   Next: 61%
Magic:  0/13       EV: 13    Int: 25    God:
Gold:   67         SH:  5    Dex: 13    Spells: 2/12 levels left

rFire   . . .        i - +4 dagger
rCold   . . .        (no shield)
rNeg    . . .        a - +0 robe
rPois   .            (no helmet)
rElec   .            l - scarf {repulsion}
rCorr   .            (no gloves)
SInv    .            (no boots)
Will    .....        t - amulet of reflection
Stlth   ++           (no ring)
HPRegen 0.24/turn    (no ring)
MPRegen 0.13/turn

%: repel missiles, reflection
@: no status effects
A: no striking features
a: no special abilities


You were on level 4 of the Dungeon.
You visited 1 branch of the dungeon, and saw 4 of its levels.

You collected 67 gold pieces.

Inventory:

Hand Weapons
 h - a +0 spear
 i - a +4 dagger (weapon)
Armour
 a - a +0 robe (worn)
 l - a scarf of repulsion (worn)
Jewellery
 t - an amulet of reflection (around neck)
Wands
 p - a wand of charming (7)
Scrolls
 c - 2 scrolls of identify {unknown}
 e - a scroll of torment {unknown}
 g - a scroll of vulnerability {unknown}
 r - a scroll of teleportation {unknown}
 s - a scroll of fog {unknown}
Potions
 b - a potion of magic
 d - a potion of haste {unknown}
 f - a potion of attraction {unknown}
 j - a potion of mutation {unknown}
 k - a potion of might {unknown}
 m - 2 potions of curing
 n - a potion of invisibility {unknown}
 o - a potion of degeneration {unknown}
 q - a potion of flight {unknown}


   Skills:
 * Level 1.2 Fighting
 * Level 3.3 Dodging
 - Level 2.4 Stealth
 * Level 4.4 Spellcasting
 * Level 6.2 Conjurations
 * Level 1.3 Hexes


You had 2 spell levels left.
You knew the following spells:

 Your Spells              Type           Power      Damage    Failure   Level
a - Magic Dart            Conj           100%       1d8       1%          1
b - Searing Ray           Conj           72%        2d7       1%          2
c - Dazzling Flash        Conj/Hex       48%        N/A       5%          3
d - Fulminant Prism       Conj/Hex       12%        3d9       19%         4

Your spell library contained the following spells:

 Spells                   Type           Power      Damage    Failure   Level
 Iskenderun's Mystic Bla  Conj/Tloc      21%        2d6       24%         4


Dungeon Overview and Level Annotations

Branches:
Dungeon (4/15)
 Temple: D:4-7

Altars:
Elyvilon
Zin
The Shining One


Message History

The river rat is moderately wounded.
The river rat bites you.
You hit the river rat but do no damage.
The river rat is moderately wounded.
The river rat bites you.
You closely miss the river rat.
The river rat is moderately wounded.
You block the river rat's attack.
Aiming: Magic Dart (safe; 1% risk of failure)
Press: ? - help, Q - select action, (/) - cycle Shift-Dir - straight line, f/p - river rat
Aim: a river rat (moderately wounded, 100% to hit)
The magic dart hits the river rat.
The river rat is heavily wounded.
The river rat bites you.
You hit the river rat but do no damage.
The river rat is moderately wounded.
The river rat misses you.
You barely miss the river rat.
The river rat is moderately wounded.
The river rat bites you.
You hit the river rat but do no damage.
The river rat is lightly wounded.
The river rat bites you.
You hit the river rat.
The river rat is moderately wounded.
The river rat bites you!
* * * LOW HITPOINT WARNING * * *
It was a potion of curing.
You feel better. The river rat bites you.
* * * LOW HITPOINT WARNING * * *
Aiming: Magic Dart (safe; 1% risk of failure)
Press: ? - help, Q - select action, (/) - cycle Shift-Dir - straight line, f/p - river rat
Aim: a river rat (moderately wounded, 100% to hit)
The magic dart hits the river rat.
The river rat is heavily wounded.
You block the river rat's attack.
Unknown command.
You barely miss the river rat.
The river rat is heavily wounded.
The river rat bites you.
You die...

#.....#### #.........
#..# .B....#.# ##### #.#
#†# #.# ...########)#
.......†r@..#
#..##.#.###..## #####
#..##(#.###...###.#
....#
#.........#.......#
....#
#.##..#...#...#####
.##.###...........###
.......#.#.###.<###
)##..#......##..#
.#..###.....##..########


You could see a river rat.

Vanquished Creatures
  An ogre (D:4)
  A river rat (D:4)
  6 adders
  4 worms
  4 dart slugs
  10 endoplasms
  4 giant cockroaches
  4 goblins
  2 hobgoblins
  A quokka (D:2)
  4 ball pythons
  3 bats
  2 frilled lizards
  3 kobolds
  3 rats
52 creatures vanquished.

Vanquished Creatures (others)
  A fulminant prism (D:4)
1 creature vanquished.

Grand Total: 53 creatures vanquished

Notes
Turn   | Place    | Note
-------+----------+-------------------------------------------
     0 | D:1      | Diggabert the Deep Elf Conjurer began the quest for the
                  | Orb.
     0 | D:1      | Reached XP level 1. HP: 10/10 MP: 6/6
   339 | D:1      | Reached XP level 2. HP: 15/15 MP: 5/8
   342 | D:1      | Learned a level 2 spell: Searing Ray
   716 | D:1      | Reached skill level 5 in Conjurations
  1127 | D:2      | Reached XP level 3. HP: 19/19 MP: 5/9
  1136 | D:2      | Learned a level 3 spell: Dazzling Flash
  1825 | D:2      | Reached XP level 4. HP: 24/24 MP: 4/11
  1830 | D:2      | Learned a level 4 spell: Fulminant Prism
  2782 | D:3      | Found a faded altar of an unknown god.
  3123 | D:4      | Found a glowing silver altar of Zin.
  3123 | D:4      | Found a glowing golden altar of the Shining One.
  3123 | D:4      | Found a white marble altar of Elyvilon.
  3224 | D:4      | Noticed an ogre
  3241 | D:4      | Killed an ogre
  3242 | D:4      | Reached skill level 1 in Fighting
  3242 | D:4      | Reached skill level 6 in Conjurations
  3242 | D:4      | Reached skill level 1 in Hexes
  3242 | D:4      | Reached XP level 5. HP: 29/29 MP: 0/13
  3307 | D:4      | Slain by a river rat

Illustrated notes

Levels and vault maps discovered:
D:1:      dpeg_arrival_simpleton_b, layout_loops_ring
D:2:      layout_loops_cross, reono_crystal_passage,
          minmay_misc_feat_more_columns, st_stairs_3, minmay_fountain_box
D:3:      layout_loops_ring, dreamdust_ecumenical_altar_grove
D:4:      layout_loops_cross, dreamdust_divine_triumvirate,
          portal_sewer_entry_b, uniq_sigmund

Skill      XL: |  1  2  3  4 |
---------------+-------------+-----
Conjurations   | 5 6 |  6.2
Dodging        | 3 |  3.3
Fighting       | 1 |  1.2
Spellcasting   | 4 |  4.4
Hexes          | 1 |  1.3
Stealth        | |  2.4

Action                     |  1- 3 |  4- 6 || total
---------------------------+-------+-------++-------
  Melee: Dagger            |       |    20 ||    20
   Cast: Magic Dart        |    51 |    30 ||    81
         Searing Ray       |     8 |    10 ||    18
         Fulminant Prism   |       |     1 ||     1
    Use: Potion            |       |     1 ||     1
 Armour: Robe              |       |     2 ||     2
  Dodge: Dodged            |     2 |    12 ||    14
  Block: Other             |       |     3 ||     3
